 Dungeon Crawl Stone Soup version 0.24-a0-618-ge4662a2d14 (webtiles) character file.

Game seed: 5962409413571998332, levelgen mode: deterministic

517 Elminster the Geomancer (level 7, -1/82 HPs)
             Began as a Deep Dwarf Earth Elementalist on Sept 15, 2019.
             Slain by a slave (5 damage)
             ... led by Pikel
             ... on level 5 of the Dungeon.
             The game lasted 00:21:17 (2271 turns).

Elminster the Geomancer (DDEE)                      Turns: 2271, Time: 00:21:18

Health: -1/82      AC:  6    Str: 16    XL:     7   Next: 0%
Magic:  11/27 (9)  EV: 12    Int: 20    God:
Gold:   137        SH:  0    Dex: 13    Spells: 4/10 levels left

rFire    . . .     SeeInvis .   w - +4 dagger (venom)
rCold    + . .     Gourm    .   (no shield)
rNeg     . . .     Faith    .   s - +1 leather armour {rC+}
rPois    .         Spirit   .   q - +0 helmet
rElec    .         Reflect  .   r - +0 cloak
rCorr    .         Harm     .   (no gloves)
MR       +....                  (no boots)
Stlth    ..........             (no amulet)
HPRegen  0.00/turn              e - ring of magical power {MP+9}
MPRegen  0.20/turn              p - ring of magical power {MP+9}

@: berserking (expiring), non-regenerating, very quick
A: damage resistance, heal wounds, clever 1, deterioration 1, sense surroundings
1, no regeneration
a: Heal Wounds


You were on level 5 of the Dungeon.
You were very hungry.

You visited 1 branch of the dungeon, and saw 5 of its levels.

You collected 137 gold pieces.

Inventory:

Hand Weapons
 t - a +3 quarterstaff of chaos
   (You took it off Crazy Yiuf on level 2 of the Dungeon)
 w - a +4 dagger of venom (weapon)
   (You took it off Ijyb on level 3 of the Dungeon)
Missiles
 x - 32 stones (quivered)
Armour
 q - a +0 helmet (worn)
   (You found it on level 2 of the Dungeon)
 r - a +0 cloak (worn)
   (You took it off Crazy Yiuf on level 2 of the Dungeon)
 s - a +1 leather armour of cold resistance (worn)
   (You found it on level 4 of the Dungeon)
Jewellery
 e - a ring of magical power (left hand) {MP+9}
   (You found it on level 1 of the Dungeon)
 p - a ring of magical power (right hand) {MP+9}
   (You found it on level 2 of the Dungeon)
Wands
 b - a wand of disintegration (11)
   (You found it on level 3 of the Dungeon)
 v - a wand of flame (16)
   (You took it off Ijyb on level 3 of the Dungeon)
Scrolls
 f - 2 scrolls of remove curse
 l - a scroll of magic mapping {!r}
 n - a scroll of enchant armour
 u - 2 scrolls of identify
Potions
 a - a potion of lignification {unknown}
 h - 4 potions of curing
 i - 3 potions of mutation {!q}
 k - a potion of agility {unknown}
 m - a potion of haste
 o - a potion of resistance
Comestibles
 d - 9 rations


   Skills:
 - Level 1.0 Short Blades
 - Level 2.1 Dodging
 - Level 3.0 Stealth
 - Level 2.1 Spellcasting
 - Level 2.0 Conjurations
 - Level 0.8 Transmutations
 + Level 9.3 Earth Magic


You had 4 spell levels left.
You knew the following spells:

 Your Spells              Type           Power        Failure   Level  Hunger
a - Sandblast             Erth           #####.       1%          1    #......
w - Passwall              Tmut/Erth      ###.....     3%          2    ##.....
x - Stone Arrow           Conj/Erth      ####..       5%          3    ###....

Your spell library contained the following spells:

 Spells                   Type           Power        Failure   Level  Hunger
 Confusing Touch          Hex            #.....       19%         1    #......
 Petrify                  Tmut/Erth      ###.....     24%         4    #####..
 Confuse                  Hex            #.......     50%         3    ###....
 Gell's Gravitas          Tloc           #.........   50%         3    ###....
 Lee's Rapid Deconstruct  Erth           #####.....   12%         5    ######.
 Metabolic Englaciation   Hex/Ice        #.........   99%         5    ######.
 Yara's Violent Unravell  Hex/Tmut       #.........   99%         5    ######.


Dungeon Overview and Level Annotations

Branches:
Dungeon (5/15)
 Temple: D:4-7

Altars:
Fedhas
Gozag
Sif Muna
Xom

Annotations:
D:5 Grinder, Pikel


Innate Abilities, Weirdness & Mutations

You are resistant to damage.
You can heal yourself by infusing magical energy.
You passively map a small area around you.
You do not regenerate.
Your mind is acute. (Int +2)
Your body sometimes deteriorates upon taking damage.


Message History

The slave closely misses you. Pikel closely misses you.
Okay, then.
Your magical essence is drained by the effort!
You feel much better.
The sky beast flickers out of sight!
Deactivating autopickup; reactivate with Ctrl-A.
Something hits you but does no damage. The bullfrog zombie hits you.
The slave barely misses you. The slave closely misses you.
The frilled lizard closely misses you.
Pikel hits you with a +1 whip of flaming.
Pikel burns you.
You regained 22 hp, and now have 31/55 hp.
As you read the scroll labeled WAHISSALEW, it crumbles to dust.
Your ears itch!
It was a scroll of random uselessness.
The bullfrog zombie barely misses you. Something barely misses you.
The slave hits you. The slave closely misses you.
The frilled lizard bites you but does no damage.
The bullfrog zombie hits you. Pikel misses you.
As you read the scroll labeled PYVISAHEU, it crumbles to dust.
It is a scroll of enchant weapon.
Your +3 dagger of venom glows red for a moment.
Something hits you but does no damage. The slave closely misses you.
The bullfrog zombie hits you but does no damage.
The slave closely misses you. The frilled lizard bites you.
Pikel closely misses you.
As you read the scroll labeled MAECZU UJUWUU, it crumbles to dust.
The scroll dissolves into smoke.
It was a scroll of fog.
Something hits you but does no damage. The slave misses you.
The bullfrog zombie hits you. The slave closely misses you.
The frilled lizard barely misses you.
Pikel hits you with a +1 whip of flaming.
Pikel burns you.
You take 6 damage, and have 25/55 hp.
It was a potion of berserk rage.
A red film seems to cover your vision as you go berserk!
You feel yourself moving faster!
You feel mighty! The bullfrog zombie hits you.
A sky beast appears from thin air!
Reactivating autopickup.
The sky beast hits you but does no damage.
The slave completely misses you. The slave hits you.
The frilled lizard bites you. The bullfrog zombie closely misses you.
Pikel barely misses you.
You now have 34/82 hp.
You puncture Pikel!
Pikel is poisoned.
The sky beast hits you. The sky beast shocks you.
The slave barely misses you. x2
The bullfrog zombie hits you but does no damage.
The frilled lizard bites you but does no damage.
You take 5 damage, and have 29/82 hp.
You barely miss Pikel.
Pikel hits you with a +1 whip of flaming.
* * * LOW HITPOINT WARNING * * *
Pikel burns you.
The sky beast flickers out of sight!
Deactivating autopickup; reactivate with Ctrl-A.
Something hits you. Something shocks you.
* * * LOW HITPOINT WARNING * * *
The slave hits you but does no damage.
You take 7 damage, and have 22/82 hp.
You puncture Pikel!
The bullfrog zombie hits you but does no damage.
Grinder blinks!
The slave misses you. The frilled lizard bites you.
You hit Pikel.
Pikel looks as sick as possible!
Pikel closely misses you. The bullfrog zombie misses you.
Something completely misses you. The slave hits you.
You closely miss Pikel. The slave hits you.
* * * LOW HITPOINT WARNING * * *
The frilled lizard bites you but does no damage.
The bullfrog zombie completely misses you.
Pikel says, "You'll feel the lick of my whip!"
Pikel hits you but does no damage. Something hits you.
* * * LOW HITPOINT WARNING * * *
Something shocks you.
* * * LOW HITPOINT WARNING * * *
The slave barely misses you.
You take 7 damage, and have 15/82 hp.
You closely miss Pikel. The slave closely misses you.
The bullfrog zombie hits you.
* * * LOW HITPOINT WARNING * * *
The frilled lizard bites you but does no damage.
You take 1 damage, and have 14/82 hp.
You hit Pikel.
Pikel looks as sick as possible!
Pikel hits you with a +1 whip of flaming.
Pikel burns you. Something hits you but does no damage. The slave hits you.
The bullfrog zombie hits you.
* * * LOW HITPOINT WARNING * * *
You take 4 damage, and have 10/82 hp.
You barely miss Pikel. The slave barely misses you.
The frilled lizard closely misses you.
Pikel hits you with a +1 whip of flaming.
Pikel burns you. Something hits you. Something shocks you.
* * * LOW HITPOINT WARNING * * *
You take 5 damage, and have 5/82 hp.
Unknown command.
You puncture Pikel!
Pikel looks as sick as possible!
The bullfrog zombie hits you. The slave hits you but does no damage.
The slave hits you.
* * * LOW HITPOINT WARNING * * *
The frilled lizard completely misses you.
You take 1 damage, and have 4/82 hp.
You barely miss Pikel. The bullfrog zombie hits you. Pikel barely misses you.
Something hits you but does no damage. The slave hits you.
You die...

*,,,,,.>.Zppp....##.### #..
*,*,,,.a?######.......#######..
*,,,,,,.......#.###........##..
********#p..#......#.......##..
*#......##.........#)..
##....#.#####Y.........
##...#ap§§..##..........
##....§p{Z.#.............
#.....pp@#....$..#.#.##.#
#.....5Kl#####.#...#.>#.#
#...§§§§§#**#......##...#
********##....§#.#*....#...###...
*,,,,,,,*#...§....,.....#....##..
,,,,,*,,,#........#*##...........
,,,,,*≈≈≈#....§...# #.,.........
,,,,,*≈≈≈#.......##***,,,........
,,,,,*≈≈≈*,,,,,,,,,,**,,,........


You could see Pikel, Grinder, 4 slaves, a worker ant, a bullfrog zombie and a
frilled lizard.

Vanquished Creatures
  A phantom (D:4)
  A scorpion (D:2)
  A hound (D:5)
  2 orc priests (D:3)
  Crazy Yiuf (D:2)
  An orc wizard (D:5)
  Ijyb (D:3)
  Natasha (D:2)
  2 iguanas
  3 adders
  An adder zombie (D:5)
  2 worms
  4 dart slugs
  A leopard gecko (D:3)
  10 orcs
  2 ball pythons
  4 giant cockroaches
  7 goblins
  8 hobgoblins
  4 jackals (D:5)
  10 kobolds
  A quokka (D:5)
  4 bats
  10 frilled lizards
  A jackal skeleton (D:4)
  A leopard gecko skeleton (D:4)
  6 rats
90 creatures vanquished.

Notes
Turn   | Place    | Note
-------+----------+-------------------------------------------
     0 | D:1      | Elminster the Deep Dwarf Earth Elementalist began the quest
                  | for the Orb.
     0 | D:1      | Reached XP level 1. HP: 15/15 MP: 3/3
    70 | D:1      | Reached skill level 2 in Spellcasting
   111 | D:1      | Reached XP level 2. HP: 22/22 MP: 1/5
   203 | D:1      | Learned a level 2 spell: Passwall
   369 | D:1      | Found a radiant altar of Vehumet.
   369 | D:1      | Found an iron altar of Okawaru.
   369 | D:1      | Found a shimmering altar of Xom.
   369 | D:1      | Found an opulent altar of Gozag.
   369 | D:1      | Found a shimmering altar of Xom.
   369 | D:1      | Found a shimmering blue altar of Sif Muna.
   508 | D:1      | Reached skill level 5 in Earth Magic
   508 | D:1      | Reached XP level 3. HP: 26/28 MP: 6/6
   601 | D:2      | Noticed a scorpion
   603 | D:2      | Reached skill level 3 in Stealth
   698 | D:2      | Learned a level 3 spell: Stone Arrow
   744 | D:2      | Noticed Natasha
   757 | D:2      | Killed Natasha
   757 | D:2      | Reached skill level 1 in Conjurations
   815 | D:2      | Found a blossoming altar of Fedhas.
   817 | D:2      | HP: 7/28 [iguana (7)]
   819 | D:2      | Reached XP level 4. HP: 9/36 MP: 7/7
   844 | D:2      | HP: 7/36 [scorpion (2)]
   849 | D:2      | Reached skill level 2 in Conjurations
   849 | D:2      | Reached skill level 6 in Earth Magic
   928 | D:2      | Reached XP level 5. HP: 17/42 MP: 2/8
  1048 | D:2      | Found a runed translucent door.
  1049 | D:2      | Noticed Crazy Yiuf
  1054 | D:2      | Killed Crazy Yiuf
  1186 | D:3      | Noticed Ijyb
  1189 | D:3      | Killed Ijyb
  1189 | D:3      | Reached skill level 7 in Earth Magic
  1232 | D:3      | HP: 5/42 [orc priest/divine providence (12)]
  1330 | D:3      | Reached XP level 6. HP: 35/49 MP: 5/9
  1713 | D:4      | Reached skill level 1 in Short Blades
  1713 | D:4      | Reached skill level 8 in Earth Magic
  2144 | D:5      | Entered Level 5 of the Dungeon
  2153 | D:5      | Reached skill level 9 in Earth Magic
  2182 | D:5      | Noticed a sky beast
  2209 | D:5      | Reached XP level 7. HP: 18/55 MP: 0/10
  2248 | D:5      | Noticed Pikel
  2252 | D:5      | Noticed Grinder
  2255 | D:5      | HP: 9/55 [slave[Pikel] (5)]
  2256 | D:5      | Gained mutation: Your body sometimes deteriorates upon
                  | taking damage. [potion of mutation]
  2256 | D:5      | Gained mutation: Your mind is acute. (Int +2) [potion of
                  | mutation]
  2266 | D:5      | HP: 19/82 [slave[Pikel] (3)]
  2269 | D:5      | HP: 5/82 [something (5)]
  2271 | D:5      | Slain by a slave

Levels and vault maps discovered:
D:1:      scummos_arrival_star, layout_basic, solitary_fountain,
          corner_web_ring, doesnt_xom_only_xom
D:2:      layout_loops_ring, old_standard_altar, uniq_natasha,
          uniq_crazy_yiuf_cottage
D:3:      layout_loops_ring, first_ration, chequers_mini_garden, uniq_ijyb
D:4:      layout_loops_corners, minmay_misc_feat_secret_circle,
          hangedman_abyss_or_decor_passed, hangedman_abyss_or_decor_lesser_grid,
          hex_large, grunt_decor_arrowhead, minmay_misc_feat_five, minivault_25
D:5:      layout_rooms, portal_sewer_entry_f, uniq_eustachio, uniq_pikel,
          uniq_blork_the_orc, uniq_grinder

Skill      XL: |  1  2  3  4  5  6 |
---------------+-------------------+-----
Spellcasting   | 2 |  2.1
Earth Magic    | 5 6 7 9 |  9.3
Stealth        | 3 |  3.0
Conjurations   | 1 2 |  2.0
Short Blades   | 1 |  1.0
Dodging        | |  2.1
Transmutations | |  0.8

Action                   |  1- 3 |  4- 6 |  7- 9 || total
-------------------------+-------+-------+-------++-------
Melee: Short sword       |    18 |     3 |       ||    21
       Dagger            |       |    26 |    11 ||    37
 Cast: Sandblast         |    29 |    25 |     2 ||    56
       Passwall          |    10 |     4 |       ||    14
       Stone Arrow       |     2 |    52 |     1 ||    55
 Abil: Heal Wounds       |       |     1 |     1 ||     2
  Use: Scroll            |       |     5 |     5 ||    10
       Potion            |       |     1 |     2 ||     3
 Stab: Sleeping          |     7 |     7 |       ||    14
  Eat: Chunk             |     1 |     7 |       ||     8
       Ration            |       |     1 |       ||     1
Armor: Robe              |     2 |     1 |       ||     3
       Leather armour    |       |    15 |    18 ||    33
Dodge: Dodged            |    14 |    26 |    33 ||    73

Table legend:
 A = Non-vault XP
 B = Vault XP
 C = Vault XP percentage of total XP
 D = Non-vault monster count
 E = Vault monster count
 F = Vault count percentage of total count
                 A         B        C        D         E       F
            +---------+---------+-------+---------+---------+-------
      Total |     626 |     113 |  15.3 |      87 |       3 |   3.3
            +---------+---------+-------+---------+---------+-------
        D:1 |      43 |       0 |   0.0 |      26 |       0 |   0.0
        D:2 |     144 |      77 |  34.8 |      21 |       2 |   8.7
        D:3 |     146 |      36 |  19.8 |      23 |       1 |   4.2
        D:4 |     186 |       0 |   0.0 |       7 |       0 |   0.0
        D:5 |     107 |       0 |   0.0 |      10 |       0 |   0.0
            +---------+---------+-------+---------+---------+-------

Levels and vault maps discovered:
D:1:      scummos_arrival_star, layout_basic, solitary_fountain,
          corner_web_ring, doesnt_xom_only_xom
D:2:      layout_loops_ring, old_standard_altar, uniq_natasha,
          uniq_crazy_yiuf_cottage
D:3:      layout_loops_ring, first_ration, chequers_mini_garden, uniq_ijyb
D:4:      layout_loops_corners, minmay_misc_feat_secret_circle,
          hangedman_abyss_or_decor_passed, hangedman_abyss_or_decor_lesser_grid,
          hex_large, grunt_decor_arrowhead, minmay_misc_feat_five, minivault_25
D:5:      layout_rooms, portal_sewer_entry_f, uniq_eustachio, uniq_pikel,
          uniq_blork_the_orc, uniq_grinder

Table legend:
 A = Turns spent in this place as a percentage of turns spent in the entire game.
 B = Non-inter-level travel turns spent in this place as a percentage of non-inter-level travel turns spent in the entire game.
 C = Inter-level travel turns spent in this place as a percentage of turns spent in this place.
 D = Turns resting spent in this place as a percentage of non-inter-level travel turns spent in this place.
 E = Turns spent auto-exploring this place as a percentage of non-inter-level travel turns spent in this place.
 F = Non-inter-level travel turns spent in this place divided by the number of levels of this place that you've seen.
                   A       B       C       D       E      F
               +-------+-------+-------+-------+-------+----------------------
         Total | 100.0 | 100.0 |   0.0 |   0.0 |   0.0 | 454.2
       Dungeon | 100.0 | 100.0 |   0.0 |   0.0 |   0.0 | 454.2
               +-------+-------+-------+-------+-------+----------------------

Table legend:
 A = Kills in this place as a percentage of kills in entire the game.
 B = Kills by you in this place as a percentage of kills by you in the entire game.
 C = Kills by friends in this place as a percentage of kills by friends in the entire game.
 D = Other kills in this place as a percentage of other kills in the entire game.
 E = Experience gained in this place as a percentage of experience gained in the entire game.
 F = Experience gained in this place divided by the number of levels of this place that you have seen.
                   A       B       C       D       E      F
               +-------+-------+-------+-------+-------+----------------------
         Total | 100.0 | 100.0 |   N/A |   N/A | 100.0 | 147.8
       Dungeon | 100.0 | 100.0 |   N/A |   N/A | 100.0 | 147.8
               +-------+-------+-------+-------+-------+----------------------
